Description

Easy eco build

Replay - Great eco build

Build Order

Get SALT Encoding   

  12  0:00  Drone  
  13  0:13  Overlord  
  13  0:17  Drone  
  14  0:31  Drone x2  
  16  0:50  Hatchery  
  16  0:53  Drone x2  
  17  1:02  Drone  
  18  1:11  Extractor  
  18  1:16  Spawning Pool  
  16  1:19  Drone x2  
  18  1:28  Drone  
  21  2:03  Queen x2, Zergling x4  
  27  2:12  Overlord  
  28  2:16  Metabolic Boost  
  31  2:44  Queen x2  
  36  2:54  Overlord  
  44  3:34  Overlord x2  
  44  3:46  Spore Crawler  
  43  3:52  Queen  
  57  4:15  Extractor x3, Lair  
  54  4:21  Hatchery  
  55  4:45  Spore Crawler  
  56  5:15  Spire, Zergling x14  
  56  5:19  Overseer  
  62  5:22  Queen x2  
  66  5:33  Queen  
  68  5:37  Zergling x2  
  68  5:41  Baneling Nest  
  75  6:48  Mutalisk x10  
  75  6:52  Baneling x6  
  95  7:31  Evolution Chamber x2  
  95  7:33  Baneling x4  
Spawning Tool Build Advisor. Get it on Overwolf

Go to:

Details

  • Created by: carth3405
  • Published on: Jul 31, 2024
  • Modified on: Jul 31, 2024
  • Patch: 5.0.11
  • Difficulty: Medium
Show
View Real Time Build Order
Export as new Build Order

Comments (0)

There are no comments. Be the first!

Create an account to comment!